 Seeded DCSS version 0.30.1-9-gdf580d7c3d (webtiles) character file.

Game seed: 6351066067085065685 (custom seed)

3 Esekla the Magician (level 1, 0/10 HPs)
             Began as a Deep Elf Wanderer on Oct 22, 2023.
             Slain by a gnoll
             ... wielding a +0 flail
              (10 damage)
             ... on level 2 of the Dungeon.
             The game lasted 00:02:30 (302 turns).

Esekla the Magician (Deep Elf Wanderer)              Turns: 302, Time: 00:02:31

Health: 0/10       AC:  2    Str: 11    XL:     1   Next: 41%
Magic:  8/8        EV: 10    Int: 17    God:
Gold:   30         SH:  3    Dex: 11    Spells: 7/9 levels left

rFire   . . .        a - +0 short sword
rCold   . . .        d - +0 buckler
rNeg    . . .        c - +0 robe
rPois   .            (no helmet)
rElec   .            (no cloak)
rCorr   .            (no gloves)
SInv    .            (no boots)
Will    .....        (no amulet)
Stlth   ++           (no ring)
HPRegen 0.21/turn    (no ring)
MPRegen 0.11/turn

%: no passive effects
@: no status effects
A: no striking features
a: no special abilities


You were on level 2 of the Dungeon.
You visited 1 branch of the dungeon, and saw 2 of its levels.

You collected 30 gold pieces.

Inventory:

Hand Weapons
 a - a +0 short sword (weapon)
Armour
 c - a +0 robe (worn)
 d - a +0 buckler (worn)
Wands
 h - a wand of roots (9)
Potions
 b - a potion of lignification
 e - a potion of ambrosia {unknown}
 f - a potion of attraction {unknown}
 g - a potion of haste {unknown}


   Skills:
 + Level 1.2 Stealth
 + Level 1.5 Shields
 * Level 4.6 Spellcasting
 * Level 0.5 Necromancy
 + Level 2.1 Translocations
 + Level 1.0 Invocations


You had 7 spell levels left.
You knew the following spells:

 Your Spells              Type           Power      Damage    Failure   Level
a - Magic Dart            Conj           12%        1d3       22%         1
p - Apportation           Tloc           22%        N/A       9%          1

Your spell library contained the following spells:

 Spells                   Type           Power      Damage    Failure   Level
 Blink                    Tloc           22%        N/A       13%         2
 Lesser Beckoning         Tloc           22%        N/A       13%         2
 Vampiric Draining        Necr           5%         2d6       45%         3
 Ignite Poison            Fire/Tmut/Pois 3%         N/A       54%         3


Dungeon Overview and Level Annotations

Branches:
Dungeon (2/15)

Altars:

Shops:
D:2 =


Message History

The goblin is heavily wounded.
The goblin hits you but does no damage.
You hit the goblin.
You kill the goblin!
Things that are here:
a +0 dagger; a goblin corpse You see here a +0 dagger.
Things that are here:
a +0 dagger; a goblin corpse
There is a stone staircase leading up here.
Found a leather armour.
Found a mace.
Found a forked brass wand.
Found 6 gold pieces.
Found 10 gold pieces.
Found Renulab's Jewellery Shop.
h - a wand of roots (9)
Found a stone staircase leading down.
You now have 30 gold pieces (gained 6).
An adder comes into view.
Found a scroll labelled LIXOR VONLAKI.
A frilled lizard comes into view.
The frilled lizard hisses angrily.
Found a stone staircase leading up.
You block the adder's attack.
The frilled lizard completely misses you.
The frilled lizard attacks as you move away!
The frilled lizard bites you. The adder attacks as you move away!
The adder barely misses you.
A gnoll comes into view. It is wielding a +0 spear.
The adder misses you.
A gnoll comes into view. It is wielding a +0 club.
Really walk into that dispersal trap?
You enter a dispersal trap!
The adder blinks!
The frilled lizard blinks!
The gnoll blinks! x2; The adder blinks!
You blink.
A gnoll comes into view. It is wielding a +0 flail.
The gnoll shouts! x3
An iguana comes into view.
The gnoll attacks as you move away! The gnoll hits you with a +0 flail!
Ouch! That really hurt!
You die...

#.#..#
#######....####
..g....g....g..
#g# #.# #.# #.#
######g#
#....@.#
#.####.# ...#
##.# .. ##8 .l
.#


You could see an iguana (asleep) and 3 gnolls.

Vanquished Creatures
  A bat (D:2)
  A goblin (D:2)
  A kobold (D:1)
3 creatures vanquished.

Notes
Turn   | Place    | Note
-------+----------+-------------------------------------------
     0 | D:1      | Esekla the Deep Elf Wanderer began the quest for the Orb.
     0 | D:1      | Esekla set off with the following items: a +0 club, a
                  | potion of lignification, a +0 robe, a +0 buckler; and the
                  | following spells available to memorise: Apportation, Blink,
                  | Lesser Beckoning, Magic Dart, Ignite Poison, Vampiric
                  | Draining.
     0 | D:1      | Reached XP level 1. HP: 10/10 MP: 7/7
     2 | D:1      | Learned a level 1 spell: Magic Dart
     4 | D:1      | Learned a level 1 spell: Apportation
   265 | D:2      | Found Renulab's Jewellery Shop.
   301 | D:2      | Noticed an iguana
   302 | D:2      | Slain by a gnoll

Illustrated notes

Levels and vault maps discovered:
D:1:      sevenhm_arrival_forest_fort_small_3, layout_rooms,
          chequers_serial_rivers_room_b, minmay_misc_feat_five
D:2:      layout_loops_ring, dreamdust_ecumenical_altar_angels_and_demons,
          serial_shops, shop

Action                     || total
---------------------------++-------
  Melee: Short sword       ||     5
   Cast: Magic Dart        ||     4
    Use: Scroll            ||     1
 Armour: Robe              ||    12
  Dodge: Dodged            ||    20
  Block: Buckler           ||     5
